Cogmind - Beta 14 @@@ ROGUE MODE // 2025.05.05 @ 16:59:45 Player: gallo Result: Destroyed by G-34 Mercenary with Small Laser Performance ------------- Evolutions (0) 0 Regions Visited (1) 200 Robots Destroyed (15) 75 Value Destroyed (456) 456 Prototype IDs (0) 0 Alien Tech Used (0) 0 Bonus (0) 0 TOTAL SCORE: 731 Bonus ------- None Cogmind --------- Core Integrity 0/250 Matter 262/300 Energy 125/125 System Corruption 5% Temperature Cool (12) Movement Walking (120) Location -10/Materials Parts ------- > --- POWER (1) -------- Light Ion Engine > --- PROPULSION (2) --- Aluminum Leg Aluminum Leg > --- UTILITY (2) ------ Small Storage Unit Targeting Computer > --- WEAPON (2) ------- EM Pulse Gun Assault Rifle > --- INVENTORY (8) ---- Light Ion Engine Aluminum Leg Aluminum Leg Light Armor Plating Medium Laser Assault Rifle Hammer Peak State ------------ > --- POWER ------------ Ion Engine > --- PROPULSION ------- Aluminum Leg Aluminum Leg > --- UTILITY ---------- Small Storage Unit Targeting Computer > --- WEAPON ----------- Medium Laser Assault Rifle > --- INVENTORY -------- Light Ion Engine Light Treads Light Treads EM Pulse Gun [Rating: 7] Favorites ----------- Power Ion Engine Engine Ion Engine Propulsion Aluminum Leg Treads Light Treads Leg Aluminum Leg Utility Small Storage Unit Storage Small Storage Unit Processor Targeting Computer Weapon Assault Rifle Energy Gun Medium Laser Ballistic Gun Assault Rifle Build | -11 -10 ------- Run | Yrd Mat Slots Evolved . | . . Power . | . . Propulsion . | . . Utility . | . . Weapon . | . . Parts Attached 19 | 7 12 Power 3 | 1 2 Engine 3 | 1 2 Core . | . . Reactor . | . . Propulsion 9 | 2 7 Treads 2 | . 2 Leg 7 | 2 5 Wheel . | . . Hover . | . . Flight . | . . Utility 2 | 1 1 Device . | . . Storage 1 | 1 . Processor 1 | . 1 Hackware . | . . Protection . | . . Artifact . | . . Weapon 5 | 3 2 Energy Gun 3 | 2 1 Energy Cannon . | . . Ballistic Gun 2 | 1 1 Ballistic Cannon . | . . Launcher . | . . Special Weapon . | . . Impact Weapon . | . . Slashing Weapon . | . . Piercing Weapon . | . . Special Melee Weapon . | . . Unidentified Prototypes . | . . Parts Lost 1 | . 1 Power . | . . Propulsion 1 | . 1 Utility . | . . Weapon . | . . Highest Loss Streak 1 | . 1 To Critical Strikes . | . . Average Slot Usage (%) 99 | . 99 Engine 14 | . 14 Treads 4 | . 4 Leg 23 | . 23 Storage 14 | . 14 Processor 13 | . 13 Energy Gun 14 | . 14 Ballistic Gun 14 | . 14 Peak Build Rating 7 | 6 7 Average Rating 6 | 4 6 On Entrance 3 | . 6 Naked Turns . | . . Heaviest Build 14 | 14 14 Greatest Support 40 | 20 40 Greatest Overweight (x) 4 | 4 1 Average Overweight (x) . | . . Largest Inventory Capacity 8 | 8 8 Average Capacity 7 | 7 8 Most Carried 8 | 4 8 Average Carried 5 | 1 5 Final Capacity 8 | 8 8 Final Carried 7 | 4 7 Class Distribution -------------------- 100% | Mutant Dominant Class ---------------- Mutant | -10/Materials Resources | -11 -10 ----------- Run | Yrd Mat Matter Collected 463 | 134 329 Remotely . | . . Salvage Created 527 | . 527 Parts 33 | . 33 Haulers Intercepted . | . . Recyclers Shooed . | . . Parts Field Recycled . | . . Retrieved Matter . | . . Parts Self-Destructed . | . . Prevented . | . . Kills | -11 -10 ------- Run | Yrd Mat Combat Hostiles Destroyed 14 | . 14 Guns 14 | . 14 Classes Destroyed 3 | . 3 Watcher 1 | . 1 Swarmer 3 | . 3 Grunt 11 | . 11 Best Kill Streak 7 | . 7 Combat Bots Only 6 | . 6 Max Kills in Single Turn 1 | . 1 Gunslinging . | . . Exploded . | . . Melee . | . . Uniques/NPCs Destroyed . | . . Combat | -11 -10 -------- Run | Yrd Mat Hostile Shots Fired 86 | . 86 Missed 21 | . 21 Damage Taken 769 | . 769 Core 254 | . 254 Absorbed by Shields . | . . Regen/Repaired (Parts) 39 | . 39 Core Remaining (%) 100 | 100 . Volleys Fired 41 | . 41 Largest 2 | . 2 Hottest 70 | . 70 Shots Fired 81 | . 81 Gun 81 | . 81 Cannon . | . . Launcher . | . . Special . | . . Kinetic 41 | . 41 Thermal 36 | . 36 Explosive . | . . Electromagnetic 4 | . 4 Robot Hit Streak 11 | . 11 Robot Miss Streak 2 | . 2 Penetration Max . | . . Secondary Targets 5 | . 5 Max Gunslinging Chain 1 | . 1 Shots Hit Robots 58 | . 58 Core Hits 28 | . 28 Critical Kills . | . . Critical Parts Destroyed . | . . Critical Strikes 5 | . 5 Burn 5 | . 5 Melee Attacks . | . . Impact . | . . Slashing . | . . Piercing . | . . Sneak Attacks . | . . Combat Hostiles . | . . Follow-up Attacks . | . . Damage Inflicted 717 | . 717 Guns 715 | . 715 Cannons . | . . Explosions . | . . Melee . | . . Ramming 2 | . 2 Kinetic 342 | . 342 Thermal 360 | . 360 Explosive . | . . Electromagnetic 13 | . 13 Impact . | . . Slashing . | . . Piercing . | . . Highest Corruption 5 | . 5 Average Corruption 4 | . 4 Corruption Purged . | . . Corruption Blocked . | . . Effects 10 | . 10 Message Errors 4 | . 4 Matter Fused 1 | . 1 Heat Flow Errors 2 | . 2 Data Loss (minor) 1 | . 1 Data Loss (major) 1 | . 1 Weapon Failures 1 | . 1 Overload Shots . | . . Overflow Damage . | . . Projectiles . | . . Explosions . | . . Melee . | . . Knockbacks . | . . Impact . | . . Kinetic . | . . Secondary . | . . Self-Inflicted Damage . | . . Shots . | . . Rammed 1 | . 1 Targets Rammed 3 | . 3 Kicked 2 | . 2 Crushed . | . . Highest Temperature 376 | . 376 Average Temperature 140 | . 140 Received Heat Transfer 423 | . 423 Effects 3 | . 3 Shutdowns 1 | . 1 Energy Bleed 2 | . 2 Siege Activations . | . . Robots Corrupted . | . . Combat Hostiles . | . . Parts Fried . | . . Impact Corruptions . | . . Robots Melted . | . . Combat Hostiles . | . . Parts Melted 5 | . 5 Heat Transferred 1443 | . 1443 Parts Sabotaged . | . . Parts Stolen . | . . Parts Stripped . | . . Power Chain Reactions . | . . Alert | -11 -10 ------- Run | Yrd Mat Peak Influence 180 | . 180 Initial . | . . Average 57 | . 64 Maximum Alert Level . | . . Low Security (%) 100 | 100 100 Level 1 . | . . Level 2 . | . . Level 3 . | . . Level 4 . | . . Level 5 . | . . High Security . | . . Max Security . | . . Squads Dispatched 4 | . 4 Investigation 3 | . 3 Extermination . | . . Reinforcement 1 | . 1 Assault . | . . Garrison . | . . Intercept . | . . Searches Triggered . | . . Construction Impeded . | . . Haulers Reinforced . | . . Active Scanning Responses . | . . Cargo Convoy Interrupts . | . . Stealth | -11 -10 --------- Run | Yrd Mat Distress Signals . | . . Communications Jammed . | . . Distress Signals . | . . Times Spotted 23 | . 23 Peak Tracking Total 5 | . 5 Tactical Retreats . | . . Traps | -11 -10 ------- Run | Yrd Mat Traps Triggered 2 | . 2 Indirectly . | . . Trap Hack Attempts . | . . Triggered . | . . Disarmed . | . . Reprogrammed 4 | . 4 Reused . | . . Traps Extracted . | . . Installed . | . . Triggered . | . . Machines | -11 -10 ---------- Run | Yrd Mat Machines Disabled 1 | . 1 Max in Single Turn 1 | . 1 Machines Repaired . | . . Machines Dismantled . | . . Machines Sabotaged . | . . Overloaded Fab Kills . | . . Hacking | -11 -10 --------- Run | Yrd Mat Machines Accessed 5 | . 5 Terminals 4 | . 4 Fabricators . | . . Repair Stations 1 | . 1 Recycling Units . | . . Scanalyzers . | . . Garrison Access . | . . Total Hacks 26 | . 26 Successful 17 | . 17 Failed 9 | . 9 Catastrophic 2 | . 2 Database Lockouts . | . . Manual . | . . Terminals 18 | . 18 Fabricators . | . . Repair Stations 8 | . 8 Recycling Units . | . . Scanalyzers . | . . Garrison Access . | . . Terminal Hacks 11 | . 11 Record 1 | . 1 Repair Station Index 1 | . 1 Alert Level 2 | . 2 Unreport Threat 2 | . 2 Locate Traps 1 | . 1 Reprogram Traps 1 | . 1 Dispatch Records 1 | . 1 Reinforcement Status 1 | . 1 Recall Investigation 1 | . 1 Fabricator Hacks . | . . Repair Station Hacks 6 | . 6 Scan Component 3 | . 3 Repair 3 | . 3 Recycling Unit Hacks . | . . Scanalyzer . | . . Garrison Access Hacks . | . . Unauthorized Hacks . | . . Terminals . | . . Fabricators . | . . Repair Stations . | . . Recycling Units . | . . Scanalyzers . | . . Garrison Access . | . . Data Cores Recovered . | . . Used . | . . Hacking Detections 3 | . 3 Full Trace Events 3 | . 3 Feedback Events 1 | . 1 Corruption 1 | . 1 Feedback Blocked . | . . Robot Schematics Acquired . | . . Robots Built . | . . Authchips . | . . Time . | . . Total Robot Build Rating . | . . Part Schematics Acquired . | . . Parts Built . | . . Authchips . | . . Time . | . . Total Part Build Rating . | . . Parts Repaired 3 | . 3 Time 78 | . 78 Parts Recycled . | . . Recycled Matter . | . . Retrieved Matter . | . . Retrieved Components . | . . Parts Scanalyzed . | . . Part Schematics Acquired . | . . Parts Damaged . | . . Bothacking | -11 -10 ------------ Run | Yrd Mat Used RIF Installer . | . . Robots Hacked . | . . Non-combat . | . . Combat . | . . Robot Hacks Applied . | . . Relay Couplers Released . | . . Fabnet Peak Effective % . | . . Robots Rewired . | . . Allies Hacked . | . . Hacks Repelled . | . . Allies | -11 -10 -------- Run | Yrd Mat Total Allies . | . . Largest Group . | . . Highest-Rated Group . | . . Highest-Rated Ally . | . . Total Orders . | . . Ally Attacks . | . . Total Damage . | . . Kills . | . . Allies Corrupted . | . . Allies Melted . | . . Intel | -11 -10 ------- Run | Yrd Mat Robot Analysis Total . | . . Derelict Logs Recovered . | . . Drone Launches . | . . Drone Recoveries . | . . Exploration | -11 -10 ------------- Run | Yrd Mat Turns Passed 779 | 78 701 Spaces Moved 461 | 45 416 Core 15 | 15 . Treads 45 | . 45 Legs 401 | 30 371 Wheels . | . . Hover . | . . Flight . | . . Fastest Speed 50 | 50 120 Average Speed 127 | 140 126 Slowest Speed 250 | 250 190 Overloaded Moves . | . . Propulsion Burnouts . | . . Robots Hopped . | . . Cave-ins Triggered . | . . Exploration Rate (%) 30 | 5 55 Regions Visited 1 Branch Regions . Pre-discovered Areas . | . . Known Exits Taken . | . . Unknown Exits Taken 1 | 1 . Scrap Searched . | . . Spaces Dug . | . . Terrain Destroyed . | . . Melee . | . . Projectile . | . . AOE . | . . Terrain Rammed . | . . Walls Destroyed . | . . Machines Disabled . | . . Actions | -11 -10 --------- Run | Yrd Mat Total 564 | 57 507 Wait 25 | 2 23 Move 460 | 44 416 Hop . | . . Pick Up 10 | 3 7 Fast Attach 8 | 7 1 Attach 2 | . 2 Detach 1 | 1 . Swap 9 | . 9 Drop 5 | . 5 Fire 41 | . 41 Melee . | . . Ram . | . . Kick 2 | . 2 Crush 1 | . 1 Escape Stasis . | . . Rewire . | . . Trap . | . . Miscellaneous . | . . Route ------- -11/Scrapyard -10/Materials (discovered 1 exit: [*Mat]) History --------- Turn | Location | Event 28 | -11/Scrapyard | Discovered new exit (range 14) 79 | -11/Scrapyard | Entered Materials 269 | -10/Materials | Core integrity fell below 50% 308 | -10/Materials | Build established: Mutant 377 | -10/Materials | Core integrity fell below 20% 489 | -10/Materials | Discovered new exit (range 16) 551 | -10/Materials | Repaired Aluminum Leg 551 | -10/Materials | Repaired Assault Rifle 577 | -10/Materials | Repaired Ion Engine 780 | -10/Materials | Destroyed by G-34 Mercenary with Small Laser Last Messages --------------- network via reliable hard line. Relevant information is monitored and relayed by the terminal's Operator. Types of information accessible directly from each terminal are limited in order to mitigate the negative impacts of unauthorized access. Access is restricted by shielding the system behind multi-layered security, the first layer of which requires a dynamic key to clear without triggering defense mechanisms. >>Traps(Locate) Found 4 traps in 1 array: 4x Alarm Trap Map updated. >>Traps(Reprogram) Reprogrammed 4 Alarm Traps. Feedback: System corruption (+1%). 00760_ ALERT: Suspicious activity at Terminal M001. Dispatching Investigation squad. 00778_ Material Processor disabled. Map ----- +----------------------------------------------------+ | | | | | | | | | | | | | | | | | | | | | | | | | | | | | | | | | | | | | | | | | ?????????????????????????????????????????????????? | | ????????????????????????###########??????????????? | | ????????????????????????# g [ #??????????????? | | ????????????????????????# g""" !#??????????????? | | ????????????????????##### """"" #??????????????? | | ????????????????????# #@""""" #??????????????? | | ????????????????????# < #g """" ""#??????????????? | | ????????????????????# # """ T"#??????????????? | | ????????????????????# + ""#??????????????? | | ????????????????????# # #??????????????? | | ????????????????????# ####+#############???????? | | ??????????########### #??# #??# #???????? | | ??????????# # #??# #??# """"= #???????? | | ??????????# # #??# #??# """" #???????? | | ??????????# """ """ # #??# #??# """" #?######? | | ??????????# """ """ + #### #### #?? #? | | ??????????# """ """ # ## """" #?? #? | | ??????????# # / """" #??? #? | | ??????????# ! # ## """" #??? #? | | ??????????# = # ######### #???? #? | | ??????????########### ^^#############+####???? #? | | ??#####???????????# ^^# # #######+## | | ##"T"############# + # [ | | # # T =* | | # # * ! | | " # """ "" # #######/## | | """ ######+####### """ Y" ## ##?# [ !# | | """ ### [ #???# """ "" ## #??# * # | | ^ """ ""# ! #???# ## #??#""" # | | "" !*T"# #???############ #??#"R* ! # | +----------------------------------------------------+ Best States ------------- Heat Dissipation 25 Energy Generation 10 Energy Capacity 250 Matter Stores 278 Matter Capacity 300 Sight Range 16 Terrain Scan Density 10 Evasion (%) 55 Targeting Accuracy 5 Recoil Reduction 2 Item Schematics ----------------- None Robot Schematics ------------------ None Fabricated ------------ Nothing Alien Tech Used ----------------- None Achievements -------------- Everything Is Under Control Challenges ------------ None Game ------ Seed ProtonColdMantle Manual? 0 Play Time 00:10:28 Cumulative 6.5 hours Start 2025.05.05 @ 16:52:30 End 2025.05.05 @ 16:59:45 Sessions 1 Manual Loads 0 Difficulty Rogue Special Mode None Game No. 28 Rogue 28 Adventurer 0 Explorer 0 Win Type - Total 0 Types 0/0/0/0/0/0/0/0/0 Lore% 5 Gallery% 13 Achievement% 10 Wizard Run 0 Options --------- Layout 1 ASCII 0 Keyboard 1 Movement Numpad Keybinds 0 Fullscreen 1 Font 24/Smallcaps Map View 50x35 Zoom Use 0% Tactical HUD 1 Map Filters NONE Filters NONE Steam 1 RUN: 7399d2ad-9ac9-474d-ab8c-9e561cb08f3a